AoeStats
← pity

Nomad

509983038Analyzed
2v2 RM · 4d ago on Sep 28, 2026· 26m 36s· 4 players
Game mode
Random Map
Map size
176×176
Population
200
Speed
Normal
Resources
Standard
Victory
Conquest
Starting age
Dark Age
Ending age
Imperial Age
RankedLock teamsTeams togetherTeam positionsShared explorationLock speedFull tech treeHidden civsTurbo modeCheats
Victory
Defeat
🇵🇪 Koreans · Peru
1270
+19
🇩🇪 Varangians · Germany
1207
+21
🇦🇷 Japanese · Argentina
1408
-23
1243
-17
Rasec
4:38 Loom
13:00 Feudal Age
20:35 Castle Age
19:58 Fletching
19:57 Double-Bit Axe
21:40 Medium Warships
22:14 Bodkin Arrow
D.EvilsToy
4:08 Loom
14:02 Feudal Age
18:30 Castle Age
17:07 Scale Barding Armor
17:20 Double-Bit Axe
18:50 Forging
19:53 Bow Saw
Que sandra la concha de tu madre
4:11 Loom
11:44 Feudal Age
12:15 Double-Bit Axe
12:18 Horse Collar
20:23 Castle Age
19:28 Scale Barding Armor
20:05 Bloodlines
20:57 Husbandry
pity
6:50 Loom
12:58 Feudal Age
16:58 Castle Age
14:58 Gold Mining
15:19 Horse Collar
15:44 Scale Mail Armor
15:22 Man-at-Arms
16:55 Forging
17:07 Double-Bit Axe
17:07 Long Swordsman
23:54 Elite Skirmisher
25:19 Fletching
25:54 Bodkin Arrow
Connection lost

Rejoining the realm…

Still unreachable

The connection could not be restored.

Session expired

The server has moved on; the page needs a fresh start.